 Dungeon Crawl Stone Soup version 0.25-a0-289-g406d6369f5 (webtiles) character file.

Game seed: 7968144449214807506, levelgen mode: deterministic

170 RedPan the Chiller (level 5, -9/38 HPs)
             Began as a Draconian Ice Elementalist on Dec 13, 2019.
             Mangled by an ogre
             ... wielding a +0 giant spiked club
              (26 damage)
             ... on level 4 of the Dungeon.
             The game lasted 00:11:37 (3531 turns).

RedPan the Chiller (Draconian Ice Elementalist)     Turns: 3531, Time: 00:11:37

Health: -9/38      AC:  6    Str: 10    XL:     5   Next: 26%
Magic:  10/10      EV: 12    Int: 16    God:
Gold:   84         SH:  0    Dex: 12    Spells: 6/11 levels left

rFire    . . .     SeeInvis +   o - +3 dagger (venom)
rCold    . . .     Gourm    .   (no shield)
rNeg     . . .     Faith    .   (armour unavailable)
rPois    .         Spirit   .   j - +1 hat
rElec    .         Reflect  .   (no cloak)
rCorr    .         Harm     .   (no gloves)
MR       .....                  (no boots)
Stlth    ++........             h - amulet of magic regeneration
HPRegen  0.12/turn              g - ring of see invisible
MPRegen  0.37/turn              (no ring)

@: no status effects
A: unfitting armour, cold-blooded, AC +5
a: no special abilities


You were on level 4 of the Dungeon.
You were not hungry.

You visited 1 branch of the dungeon, and saw 4 of its levels.

You collected 84 gold pieces.

Inventory:

Hand Weapons
 f - a +0 spear
 o - a +3 dagger of venom (weapon)
Armour
 j - a +1 hat (worn)
 p - a +0 buckler
Jewellery
 g - a ring of see invisible (left hand)
 h - an amulet of magic regeneration (around neck)
Scrolls
 a - 3 scrolls of identify
 c - a scroll of enchant armour
 d - 2 scrolls of amnesia
 n - 3 scrolls of remove curse
 r - a scroll of enchant weapon
Potions
 e - 3 potions of curing
 i - a potion of ambrosia
 k - a potion of cancellation
 l - a potion of agility
 m - a potion of heal wounds
Comestibles
 b - 10 rations


   Skills:
 - Level 1.7 Dodging
 - Level 1.7 Stealth
 + Level 3.7 Spellcasting
 + Level 1.3 Summonings
 + Level 5.3 Ice Magic


You had 6 spell levels left.
You knew the following spells:

 Your Spells              Type           Power        Failure   Level  Hunger
a - Freeze                Ice            ###.         1%          1    None
b - Summon Ice Beast      Ice/Summ       ##......     41%         4    ####...

Your spell library contained the following spells:

 Spells                   Type           Power        Failure   Level  Hunger
 Ozocubu's Armour         Chrm/Ice       ##......     17%         3    ###....
 Hailstorm                Conj/Ice       ##......     50%         4    ####...


Dungeon Overview and Level Annotations

Branches:
Dungeon (4/15)
 Temple: D:4-7

Altars:


Innate Abilities, Weirdness & Mutations

Your plain brown scales are hard. (AC +5)
You cannot fit into any form of body armour.
You are cold-blooded and may be slowed by cold attacks.


Message History

An ogre is nearby!
The ogre hits you with a +0 giant spiked club!!
Ouch! That really hurt!
Casting: Freeze (safe; 1% risk of failure)
Confirm with . or Enter, or press ? or * to list all spells.
Aiming: Freeze (safe; 1% risk of failure)
Press: ? - help, Shift-Dir - straight line, f - ogre
Aim: an ogre, wielding a +0 giant spiked club You freeze the ogre.
The ogre is lightly wounded.
Some of the chunks of flesh in your inventory have rotted away.
You hit the ogre.
The ogre is poisoned.
The ogre is lightly wounded.
The ogre barely misses you.
All of the chunks of flesh in your inventory have rotted away.
You barely miss the ogre.
The ogre is severely wounded.
The ogre hits you with a +0 giant spiked club!!
Ouch! That really hurt!
You die...

.................
.....##.#.#####.#
.....##.#.#
#.##.##.#.#
...#.##.#.# #
###.##.##.#...# .#
...##.##.#...#
....###.##........#
#.....)@O.......#
#.###.#####.#...#
#....<......#...#
#.###.#######...#
#.# ### #.# #(# ###


You could see an ogre.

Vanquished Creatures
  Jessica (D:3)
  An iguana (D:3)
  2 adders (D:2)
  An ooze (D:3)
  4 worms
  2 dart slugs
  2 leopard geckos
  An orc (D:3)
  9 bats
  5 giant cockroaches
  8 goblins
  9 hobgoblins
  8 jackals
  A ball python (D:1)
  11 frilled lizards
  6 kobolds
  6 rats
77 creatures vanquished.

Notes
Turn   | Place    | Note
-------+----------+-------------------------------------------
     0 | D:1      | RedPan the Draconian Ice Elementalist began the quest for
                  | the Orb.
     0 | D:1      | Reached XP level 1. HP: 14/14 MP: 3/3
   363 | D:1      | Reached XP level 2. HP: 20/20 MP: 1/5
   679 | D:1      | HP: 1/20 [giant cockroach (2)]
   684 | D:1      | HP: 1/20 [giant cockroach (1)]
   961 | D:1      | Reached XP level 3. HP: 23/26 MP: 5/7
  1984 | D:2      | Reached XP level 4. HP: 33/33 MP: 8/8
  2490 | D:3      | Reached skill level 5 in Ice Magic
  2528 | D:3      | Learned a level 4 spell: Summon Ice Beast
  2603 | D:3      | Noticed Jessica
  2612 | D:3      | Killed Jessica
  2986 | D:3      | Reached skill level 1 in Summonings
  2991 | D:3      | Reached XP level 5. HP: 24/38 MP: 5/10
  3508 | D:4      | Noticed an ogre
  3531 | D:4      | Mangled by an ogre

Levels and vault maps discovered:
D:1:      dpeg_arrival_three_same_balls, layout_basic
D:2:      layout_loops_ring, kennysheep_generic_room_5
D:3:      layout_loops_ring, first_ration, uniq_jessica
D:4:      layout_basic, marbit_many_paths

Skill      XL: |  1  2  3  4 |
---------------+-------------+-----
Spellcasting   | 3 |  3.7
Ice Magic      | 5 |  5.3
Summonings     | 1 |  1.3
Dodging        | |  1.7
Stealth        | |  1.7

Action                   |  1- 3 |  4- 6 || total
-------------------------+-------+-------++-------
Melee: Spear             |    97 |    22 ||   119
       Unarmed           |     6 |       ||     6
       Dagger            |     4 |    31 ||    35
       Tailslap          |     5 |     5 ||    10
 Cast: Freeze            |    47 |    46 ||    93
  Use: Potion            |     1 |       ||     1
       Scroll            |     5 |     9 ||    14
 Stab: Sleeping          |     3 |     3 ||     6
       Distracted        |     1 |       ||     1
  Eat: Chunk             |     4 |     5 ||     9
Armor: Skin              |    58 |    16 ||    74
Dodge: Dodged            |    89 |    50 ||   139

Table legend:
 A = Non-vault XP
 B = Vault XP
 C = Vault XP percentage of total XP
 D = Non-vault monster count
 E = Vault monster count
 F = Vault count percentage of total count
                 A         B        C        D         E       F
            +---------+---------+-------+---------+---------+-------
      Total |     199 |      45 |  18.4 |      73 |       4 |   5.2
            +---------+---------+-------+---------+---------+-------
        D:1 |      47 |       0 |   0.0 |      27 |       0 |   0.0
        D:2 |      52 |       8 |  13.3 |      16 |       3 |  15.8
        D:3 |      96 |      37 |  27.8 |      28 |       1 |   3.4
        D:4 |       4 |       0 |   0.0 |       2 |       0 |   0.0
            +---------+---------+-------+---------+---------+-------
